 Dungeon Crawl Stone Soup version 0.31-a0-740-g87205ac768 (webtiles) character file.

Game seed: 15383572437946178451

150941 javelincjr the Unforgettable (level 17, -2/119 HPs)
             Began as a Gnoll Summoner on Sept 11, 2023.
             Was the Champion of Hepliaklqana.
             Slain by a merfolk impaler
             ... wielding a +0 trident
              (18 damage)
             ... on level 4 of the Shoals on Sept 12, 2023.
             The game lasted 03:53:34 (33046 turns).

javelincjr the Unforgettable (Gnoll Summoner)      Turns: 33046, Time: 03:53:35

Health: -2/119     AC: 15    Str:  9    XL:     17   Next: 54%
Magic:  28/33      EV: 18    Int: 32    God:    Hepliaklqana [******]
Gold:   1285       SH: 15    Dex: 18    Spells: 13/41 levels left

rFire   . . .        A - +7 scimitar of Xom's Envy {chaos, rElec Will+}
rCold   + . .        v - +2 kite shield {rPois}
rNeg    . . .        X - +0 leather armour "Pel Xyra" {rC+ rCorr Dex+6}
rPois   +            V - +2 hat
rElec   +            j - +2 cloak of the Thief {*Fog Slay-2 SInv Stlth+}
rCorr   +            W - +2 pair of gloves
SInv    +            (no boots)
Will    +....        U - amulet "Enamisil" {Regen+ Stlth+}
Stlth   +++          p - ring "Yciruo" {Fly rPois rCorr Int+4 Stlth-}
HPRegen 1.19/turn    J - +6 ring of intelligence
MPRegen 0.23/turn

%: clarity
@: lit by a corona, about to teleport, weak-willed, flying, glowing, studying
Transmutations
A: reduced essence, fangs 1, strong nose, distributed training, iridescent
scales 1, clarity
a: Renounce Religion, Recall Ancestor, Ancestor Identity, Transference, Idealise


You were on level 4 of the Shoals.
You worshipped Hepliaklqana.
Hepliaklqana was exalted by your worship.
You visited 5 branches of the dungeon, and saw 24 of its levels.
You also visited: Sewer and Ice Cave.

You collected 2435 gold pieces.
You spent 1150 gold pieces at shops.

Inventory:

Hand Weapons
 a - a +4 sling of freezing
 t - a +1 mace of holy wrath
 A - the +7 scimitar of Xom's Envy (weapon) {chaos, rElec Will+}
   (You subdued it on level 2 of the Shoals)

   rElec:     It insulates you from electricity.
   Will+:     It increases your willpower.
 N - a +6 spear of chaos
 R - the +7 great mace "Undeadhunter" {deathbane, rN+}
   (You found it on level 11 of the Dungeon)

   rN+:       It protects you from negative energy.
Armour
 e - a +2 leather armour of resistance
 j - the +2 cloak of the Thief (worn) {*Fog Slay-2 SInv Stlth+}
   (You found it on level 1 of the Shoals)

   *Fog:      It may release a thick cloud of smoke when the wearer is hurt.
   Slay-2:    It affects your accuracy & damage with ranged weapons and melee
   (-2).
   SInv:      It lets you see invisible.
   Stlth+:    It makes you more stealthy.
 k - a +2 scale mail of fire resistance
 q - a +0 troll leather armour
 v - a +2 kite shield of poison resistance (worn)
 D - a +2 buckler
 G - a scarf of repulsion
 I - a +1 cloak of willpower
 V - a +2 hat (worn)
 W - a +2 pair of gloves (worn)
 X - the +0 leather armour "Pel Xyra" (worn) {rC+ rCorr Dex+6}
   (You found it on level 3 of the Lair of Beasts)

   Dex+6:     It affects your dexterity (+6).
   rC+:       It protects you from cold.
   rCorr:     It protects you from acid and corrosion.
Jewellery
 b - the ring of the Conjuring Genius {rPois rF- Will+ Str+6}
   (You found it on level 4 of the Shoals)

   [ring of strength]

   Str+6:     It affects your strength (+6).
   rF-:       It makes you vulnerable to fire.
   rPois:     It protects you from poison Will+: It increases your willpower.
 p - the ring "Yciruo" (left hand) {Fly rPois rCorr Int+4 Stlth-}
   (You found it on level 3 of the Dungeon)

   [ring of poison resistance]

   Int+4:     It affects your intelligence (+4).
   rPois:     It protects you from poison Fly: It grants you flight.
   rCorr:     It protects you from acid and corrosion.
   Stlth-:    It makes you less stealthy.
 C - an amulet of reflection
 E - a ring of fire
 J - a +6 ring of intelligence (right hand)
 L - an amulet of magic regeneration
 S - a ring of ice
 U - the amulet "Enamisil" (around neck) {Regen+ Stlth+}
   (You found it on level 5 of the Lair of Beasts)

   [amulet of regeneration]

   Regen+:    It increases your rate of health regeneration.
   Stlth+:    It makes you more stealthy.
Talismans
 r - a serpent talisman
Wands
 d - a wand of digging (12)
 s - a wand of flame (47)
 x - a wand of polymorph (9)
 H - a wand of iceblast (19)
 M - a wand of mindburst (7)
Scrolls
 f - 13 scrolls of teleportation
 h - 5 scrolls of fog
 n - a scroll of torment
 o - a scroll of silence
 u - 3 scrolls of revelation
 w - 2 scrolls of immolation
 y - 2 scrolls of fear
 B - a scroll of poison
 K - 2 scrolls of vulnerability
 Y - a scroll of summoning
Potions
 c - 5 potions of invisibility
 g - 5 potions of mutation
 i - 5 potions of enlightenment
 l - 4 potions of resistance
 m - 7 potions of curing
 z - 5 potions of brilliance
 F - 2 potions of lignification
 O - 5 potions of magic
 P - a potion of ambrosia
 Q - 2 potions of might
 T - 3 potions of haste
 Z - 2 potions of berserk rage


   Skills:
 + Level 11.9 Fighting
 + Level 11.9 Short Blades
 + Level 11.9 Long Blades
 + Level 11.9 Axes
 + Level 11.9 Maces & Flails
 + Level 11.9 Polearms
 + Level 11.9 Staves
 + Level 11.9 Ranged Weapons
 + Level 11.9 Throwing
 + Level 11.9 Armour
 + Level 12.7 Dodging
 + Level 12.6 Stealth
 + Level 11.9 Shields
 + Level 11.9 Unarmed Combat
 + Level 12.9 Spellcasting
 + Level 10.1 Conjurations
 + Level 10.1 Hexes
 + Level 12.2 Summonings
 + Level 10.1 Necromancy
 + Level 10.1 Translocations
 + Level 10.4 Transmutations
 + Level 10.1 Fire Magic
 + Level 10.1 Ice Magic
 + Level 10.1 Air Magic
 + Level 10.1 Earth Magic
 + Level 10.1 Poison Magic
 + Level 13.0 Invocations
 + Level 11.9 Evocations
 + Level 11.0 Shapeshifting


You had 13 spell levels left.
You knew the following spells:

 Your Spells              Type           Power      Damage    Failure   Level
a - Summon Small Mammal   Summ           100%       N/A       1%          1
b - Call Imp              Summ           100%       N/A       1%          2
c - Call Canine Familiar  Summ           78%        N/A       1%          3
d - Blink                 Tloc           100%       N/A       1%          2
e - Summon Lightning Spi  Summ/Air       75%        N/A       1%          4
f - Summon Ice Beast      Ice/Summ       75%        N/A       1%          4
g - Summon Forest         Summ/Tloc      37%        N/A       2%          5
h - Summon Hydra          Summ           39%        N/A       41%         7

Your spell library contained the following spells:

 Spells                   Type           Power      Damage    Failure   Level
 Necrotise                Necr           100%       1d9       1%          1
 Sting                    Tmut/Pois      100%       1d8       1%          1
 Cigotuvi's Dreadful Rot  Necr/Pois/Air  100%       N/A       1%          2
 Lesser Beckoning         Tloc           100%       N/A       1%          2
 Momentum Strike          Conj/Tloc      100%       3d10      1%          2
 Poisonous Vapours        Pois/Air       100%       N/A       1%          2
 Ozocubu's Armour         Ice            71%        N/A       1%          3
 Summon Guardian Golem    Hex/Summ       75%        N/A       1%          3
 Vampiric Draining        Necr           71%        2d11      1%          3
 Anguish                  Hex/Necr       35%        N/A       1%          4
 Cause Fear               Hex            35%        N/A       1%          4
 Dispel Undead            Necr           71%        3d24      1%          4
 Leda's Liquefaction      Hex/Erth       35%        N/A       1%          4
 Olgreb's Toxic Radiance  Pois           71%        N/A       1%          4
 Agony                    Necr           71%        N/A       3%          5
 Lee's Rapid Deconstruct  Erth           35%        3d18*     3%          5
 Metabolic Englaciation   Hex/Ice        35%        N/A       3%          5
 Death Channel            Necr           35%        N/A       19%         6
 Eringya's Noxious Bog    Tmut/Pois      36%        4d6       19%         6
 Leda's Unmaking          Conj/Erth      35%        9d6       19%         6
 Enfeeble                 Hex            35%        N/A       71%         7
 Ozocubu's Refrigeration  Ice            35%        4d15      71%         7
 Summon Horrible Things   Summ           39%        N/A       98%         8


Dungeon Overview and Level Annotations

Branches:
Dungeon (12/15)            Temple (0/1) D:4            Lair (5/5) D:8
 Shoals (4/4) Lair:3       Spider (1/4) Lair:2        Slime (0/5) Lair:5
    Orc (2/2) D:10            Elf (0/3) Orc:2         Sewer (visited)
  IceCv (visited)

Altars:
Dithmenos
Elyvilon
Fedhas
Gozag
Hepliaklqana
Kikubaaqudgha
Nemelex Xobeh
Qazlal
Sif Muna
Trog
Vehumet
Xom
Zin
The Shining One
Jiyva

Shops:
D:2 :(=!   D:5 *(   Orc:2 ((*:


Innate Abilities, Weirdness & Mutations

Your life essence is reduced to manifest your ancestor. (-10% HP)
You have very sharp teeth.
Your uncanny sense of smell can sniff out nearby items.
Your experience applies equally to all skills.
You are partially covered in iridescent scales. (AC +2)
You possess an exceptional clarity of mind.


Message History

Your ice beast freezes the satyr!!
You hit the satyr but do no damage. You drain the satyr.
The satyr is almost dead.
Your warg bites the manticore!
The minotaur closely misses your warg. The minotaur gores your warg!
The satyr shoots an arrow.
The arrow misses you. The manticore bites your warg!
Your warg dies!
Your warg's corpse disappears in a puff of smoke!
You slice the satyr!! You burn the satyr.
You kill the satyr!
Your surroundings suddenly seem different.
A sphinx, a minotaur, a faun, a manticore, a water elemental, 3 merfolk and a sea snake come into view.
The minotaur is quivering silver javelins.
Found five items.
The sphinx shouts!
The minotaur bellows!
The faun shouts!
The sea snake hisses angrily.
The merfolk shouts!
The faun unwields a +0 quarterstaff.
The faun wields a +0 sling.
The faun shoots a sling bullet.
The sling bullet misses you.
Your Invocations skill increases to level 13!
Read: 2 scrolls of poison
Press: ? - help, Q - select action, (/) - cycle Dir - look around, f - activate The air fills with toxic fumes!
As you read the scroll of poison, it crumbles to dust.
You carefully extract the barbed spikes from your body.
A satyr comes into view. It is wielding a +0 club.
The manticore flicks its tail.
You block the volley of spikes. The minotaur hits you.
* * * LOW HITPOINT WARNING * * *
You block the minotaur's attack.
The faun shoots a sling bullet.
The sling bullet hits you!
* * * LOW HITPOINT WARNING * * *
The sea snake is engulfed in poison gas.
The sea snake is poisoned.
You block the sea snake's attack.
As you read the scroll of teleportation, it crumbles to dust.
You feel strangely unstable.
The sphinx is engulfed in poison gas.
The sphinx is poisoned.
The merfolk impaler is engulfed in poison gas.
The merfolk impaler is poisoned.
The merfolk impaler hits you from afar with a +0 trident!!
You die...

§§§ §§§ §§§ §§§
§§§ §§ §§§§
§§##§ §§§§§
#§§§#
§§§##§.§## §
§§§§§§§#
§§§§##§HH§§##§§
§§§§§§§@§§§c§§§
#§##§§§S§m§§H#§
§§§§#§§E§m.§#§c
§§§ #§§§§.m§# #
§§§.§§§.#
§#§§§§§§§#∆
#§§#§§§§§##
#§§§§§§§§#


You could see a sphinx (poisoned), a minotaur, a merfolk impaler (poisoned), a
satyr, a sea snake (poisoned), 2 merfolk, a faun, a manticore and a water
elemental.

Vanquished Creatures
  Ilsuiw (Shoals:2)
  Snorg (D:12)
  A merfolk javelineer (Shoals:1)
  3 merfolk impalers
  A hydra (Lair:5)
  3 nameless horrors
  A centaur warrior (D:10)
  A catoblepas (Lair:5)
  An ironbound frostheart (IceCv)
  2 satyrs (Shoals:4)
  7 death yaks
  A skyshark (Lair:3)
  Amaemon (Lair:3)
  A skeletal warrior (D:10)
  A sea snake (Shoals:3)
  A deep elf pyromancer (D:12)
  9 harpies
  2 orc knights (Orc:2)
  5 fauns (Shoals:1)
  An orc sorcerer (Orc:2)
  A manticore (D:10)
  A cyclops (Orc:2)
  2 merfolk sirens
  3 elephants (Lair:3)
  3 water nymphs
  An ice statue (IceCv)
  6 cane toads
  2 gargoyles
  2 komodo dragons (Lair:4)
  A rime drake (IceCv)
  A tengu conjurer (Shoals:3)
  6 trolls
  9 merfolk
  5 polar bears
  A wind drake (Shoals:4)
  A snapping turtle (Shoals:3)
  2 slime creatures (D:12)
  Eustachio (D:4)
  20 yaks
  A wraith (D:12)
  A wyvern (Lair:5)
  3 water elementals
  2 wargs (Orc:2)
  3 water moccasins
  10 orc warriors (Orc:2)
  An ice beast (D:12)
  A sky beast (D:7)
  7 wolves (IceCv)
  6 ogres
  2 centaurs
  A phantom (D:6)
  4 bullfrogs
  A kobold brigand (D:6)
  A scorpion (D:4)
  2 hexers
  5 killer bees
  A howler monkey (D:3)
  2 jellies
  7 orc priests
  A hound (D:4)
  A gnoll bouda (Orc:2)
  2 iguanas (D:5)
  8 orc wizards
  A gnoll (D:10)
  4 adders
  A river rat (Sewer)
  A white imp (D:12)
  A dart slug (D:3)
  27 orcs
  4 ball pythons
  2 bats
  2 endoplasms
  7 hobgoblins
  8 frilled lizards (Sewer)
  6 goblins
  2 kobolds
  3 rats (Sewer)
254 creatures vanquished.

Vanquished Creatures (collateral kills)
  Rupert (D:12)
  Gastronok (Lair:2)
  Aizul (Shoals:2)
  The ghost of zarzak the Fighter, an adept GrFi of Qazlal (Shoals:2)
  3 orc warlords (Orc:2)
  Nessos (Lair:4)
  4 merfolk impalers
  2 merfolk javelineers (Shoals:2)
  Fannar (Lair:1)
  Erolcha (Orc:2)
  4 catoblepae (Lair:5)
  4 hydras
  An ironbound frostheart (IceCv)
  2 merfolk aquamancers
  A boulder beetle (D:11)
  A dancing weapon (Shoals:2)
  4 two-headed ogres
  2 centaur warriors
  A satyr (Shoals:2)
  14 death yaks
  Urug (Lair:3)
  2 tengu warriors
  6 orc high priests
  3 nameless horrors (Shoals:2)
  4 sea snakes
  7 skysharks
  5 orc knights
  Pikel (D:4)
  11 harpies
  4 ugly things
  6 orc sorcerers (Orc:2)
  3 cyclopes
  11 manticores
  11 fauns (Shoals:1)
  Joseph (D:8)
  8 merfolk sirens
  8 elephants (Lair:3)
  A torpor snail (Lair:2)
  6 black mambas
  4 water nymphs
  2 slime creatures (D:12)
  Jeremiah (D:8)
  8 cane toads
  An orange demon (Lair:4)
  11 komodo dragons
  An efreet (D:10)
  A kobold demonologist (D:11)
  4 trolls
  10 polar bears
  Grinder (D:6)
  4 wind drakes
  18 merfolk
  4 dream sheep (Shoals:2)
  2 snapping turtles (Shoals:1)
  12 blink frogs
  Sigmund (D:5)
  Prince Ribbit (D:5)
  8 water elementals
  A shadow (D:9)
  A centaur simulacrum (D:12)
  A culicivora (Lair:2)
  50 yaks
  6 wyverns
  3 basilisks (Lair:1)
  A steam dragon (D:9)
  3 wargs
  An acid dragon (D:11)
  Duvessa (D:5)
  4 water moccasins
  24 orc warriors
  12 ogres
  13 wolves
  6 centaurs
  3 lemures (D:4)
  A kobold brigand (D:10)
  Blork the orc (D:6)
  6 bullfrogs
  A gnoll sergeant (D:6)
  4 scorpions
  3 wights (D:9)
  Dowan (D:5)
  7 killer bees
  2 howler monkeys
  A hound (D:4)
  2 jellies
  27 orc priests
  3 gnoll boudas
  3 iguanas
  Crazy Yiuf (D:2)
  16 orc wizards
  11 gnolls
  6 adders
  11 white imps (D:12)
  An ufetubus (D:4)
  A worm (D:2)
  2 dart slugs (D:2)
  77 orcs
  5 endoplasms
  5 goblins
  5 hobgoblins
  2 jackals (D:2)
  11 kobolds
  A quokka (D:1)
  3 training dummies (D:5)
  6 ball pythons
  6 bats
  2 frilled lizards
  4 rats
611 creatures vanquished.

Vanquished Creatures (others)
  A deep elf pyromancer (D:11)
  Maurice (D:8)
  An orc warrior (Orc:2)
  41 hexers
  An orc (D:8)
  2 ancestors (D:1)
47 creatures vanquished.

Grand Total: 912 creatures vanquished

Notes
Turn   | Place    | Note
-------+----------+-------------------------------------------
     0 | D:1      | javelincjr the Gnoll Summoner began the quest for the Orb.
     0 | D:1      | Reached XP level 1. HP: 13/13 MP: 6/6
   154 | D:1      | Found a sparkling altar of Nemelex Xobeh.
   212 | D:1      | Reached XP level 2. HP: 19/19 MP: 5/7
   388 | D:1      | Found a faded altar of an unknown god.
   406 | D:1      | Prayed at the altar of an unknown god.
   406 | D:1      | Became a worshipper of Hepliaklqana the Forgotten
   406 | D:1      | Reached * piety under Hepliaklqana
  1150 | D:2      | Reached skill level 5 in Spellcasting
  1150 | D:2      | Reached XP level 3. HP: 10/22 MP: 5/9
  1155 | D:1      | Learned a level 2 spell: Call Imp
  1159 | D:1      | Learned a level 3 spell: Call Canine Familiar
  1260 | D:2      | Reached skill level 1 in Invocations
  1359 | D:2      | Reached skill level 1 in Fighting
  1359 | D:2      | Reached skill level 1 in Short Blades
  1359 | D:2      | Reached skill level 1 in Long Blades
  1359 | D:2      | Reached skill level 1 in Axes
  1359 | D:2      | Reached skill level 1 in Maces & Flails
  1359 | D:2      | Reached skill level 1 in Polearms
  1359 | D:2      | Reached skill level 1 in Staves
  1359 | D:2      | Reached skill level 1 in Ranged Weapons
  1359 | D:2      | Reached skill level 1 in Throwing
  1359 | D:2      | Reached skill level 1 in Armour
  1359 | D:2      | Reached skill level 1 in Shields
  1359 | D:2      | Reached skill level 1 in Unarmed Combat
  1359 | D:2      | Reached skill level 1 in Evocations
  1361 | D:2      | Reached XP level 4. HP: 28/28 MP: 4/11
  1465 | D:2      | Found Liafofye's Book Shop.
  1566 | D:2      | Reached skill level 1 in Shapeshifting
  1794 | D:2      | Found Obecah's Jewellery Emporium.
  1928 | D:2      | Learned a level 2 spell: Blink
  1944 | D:2      | Reached ** piety under Hepliaklqana
  1945 | D:2      | Remembered your ancestor Demetirus as a hexer
  1952 | D:2      | Found Ceipodaf's Antique Weapon Emporium.
  2191 | D:2      | Found Taittos's Distillery.
  2267 | D:2      | Bought a potion of curing for 30 gold pieces
  2286 | D:2      | Found a runed translucent door.
  2287 | D:2      | Noticed Crazy Yiuf
  2517 | D:2      | Killed Crazy Yiuf
  2518 | D:2      | Reached skill level 1 in Conjurations
  2518 | D:2      | Reached skill level 1 in Hexes
  2518 | D:2      | Reached skill level 1 in Necromancy
  2518 | D:2      | Reached skill level 1 in Translocations
  2518 | D:2      | Reached skill level 1 in Transmutations
  2518 | D:2      | Reached skill level 1 in Fire Magic
  2518 | D:2      | Reached skill level 1 in Ice Magic
  2518 | D:2      | Reached skill level 1 in Air Magic
  2518 | D:2      | Reached skill level 1 in Earth Magic
  2518 | D:2      | Reached skill level 1 in Poison Magic
  2603 | D:3      | Reached XP level 5. HP: 33/33 MP: 12/12
  2830 | D:3      | Found a blossoming altar of Fedhas.
  2931 | D:3      | Identified the ring "Yciruo" {Fly rPois rCorr Int+4 Stlth-}
  3196 | D:4      | Noticed Pikel
  3196 | D:4      | Noticed a lemure
  3196 | D:4      | Noticed a lemure
  3197 | D:4      | Noticed a lemure
  3198 | D:4      | Noticed a lemure
  3219 | D:4      | Killed a lemure
  3394 | D:4      | Found a staircase to the Ecumenical Temple.
  3399 | D:4      | You are sucked into a shaft and drop 1 floor!
  3399 | D:5      | Entered Level 5 of the Dungeon
  3399 | D:5      | Found a glowing golden altar of the Shining One.
  3439 | D:5      | Noticed an ogre
  3444 | D:5      | Noticed a centaur
  3446 | D:5      | Killed an ogre
  3447 | D:5      | Reached skill level 5 in Dodging
  3447 | D:5      | Reached skill level 2 in Invocations
  3447 | D:5      | Reached XP level 6. HP: 39/39 MP: 8/14
  3448 | D:5      | Learned a level 4 spell: Summon Lightning Spire
  3448 | D:5      | Found a stormy altar of Qazlal.
  3482 | D:5      | Reached XP level 7. HP: 6/45 MP: 13/15
  3665 | D:5      | Noticed Sigmund
  3676 | D:5      | Killed Sigmund
  3677 | D:5      | Reached skill level 5 in Stealth
  3715 | D:5      | Reached skill level 3 in Invocations
  3718 | D:5      | Found Ufunkaim's Firing Range.
  3746 | D:5      | Found a glowing drain.
  3756 | Sewer    | Entered a sewer
  4154 | D:5      | Reached XP level 8. HP: 51/51 MP: 16/16
  4182 | D:5      | Noticed Duvessa
  4183 | D:5      | Noticed Dowan
  4199 | D:5      | Killed Duvessa
  4201 | D:5      | Killed Dowan
  4287 | D:5      | Found Jurghugu's Mass Market.
  4344 | D:4      | Identified the +0 dagger "Collof" {flame, rC+ rN+ Stlth+}
  4668 | D:4      | Noticed Eustachio
  4680 | D:4      | Killed Eustachio
  4763 | D:4      | Killed Pikel
  4764 | D:4      | Reached skill level 4 in Invocations
  4764 | D:4      | Reached XP level 9. HP: 53/58 MP: 13/18
  5288 | D:5      | Noticed Prince Ribbit
  5297 | D:5      | Killed Prince Ribbit
  6048 | D:6      | Reached *** piety under Hepliaklqana
  6229 | D:6      | Noticed Grinder
  6234 | D:6      | Killed Grinder
  6235 | D:6      | Reached skill level 5 in Invocations
  6305 | D:6      | Found a shadowy altar of Dithmenos.
  6315 | D:6      | Noticed Blork the orc
  6325 | D:6      | Killed Blork the orc
  6990 | D:7      | Found an ancient bone altar of Kikubaaqudgha.
  7000 | D:7      | Found a shimmering blue altar of Sif Muna.
  7001 | D:7      | Found a radiant altar of Vehumet.
  7007 | D:7      | Got Sif Muna's Collected Works on the Xenotype
  7186 | D:7      | Reached **** piety under Hepliaklqana
  7596 | D:8      | Reached XP level 10. HP: 59/65 MP: 14/20
  7622 | D:8      | Reached skill level 5 in Fighting
  7622 | D:8      | Reached skill level 5 in Short Blades
  7622 | D:8      | Reached skill level 5 in Long Blades
  7622 | D:8      | Reached skill level 5 in Axes
  7622 | D:8      | Reached skill level 5 in Maces & Flails
  7622 | D:8      | Reached skill level 5 in Polearms
  7622 | D:8      | Reached skill level 5 in Staves
  7622 | D:8      | Reached skill level 5 in Ranged Weapons
  7622 | D:8      | Reached skill level 5 in Throwing
  7622 | D:8      | Reached skill level 5 in Armour
  7622 | D:8      | Reached skill level 5 in Shields
  7622 | D:8      | Reached skill level 5 in Unarmed Combat
  7622 | D:8      | Reached skill level 5 in Evocations
  7666 | D:8      | Noticed Maurice
  7679 | D:8      | Killed Maurice
  7962 | D:8      | Noticed Joseph
  7988 | D:8      | Killed Joseph
  8182 | D:8      | Found an opulent altar of Gozag.
  8190 | D:8      | Found a bloodstained altar of Trog.
  8202 | D:8      | Noticed Jeremiah
  8203 | D:8      | Noticed a two-headed ogre
  8227 | D:8      | Killed Jeremiah
  8228 | D:8      | Killed a two-headed ogre
  8229 | D:8      | Reached skill level 6 in Invocations
  8229 | D:8      | Reached skill level 5 in Shapeshifting
  8520 | D:8      | Found a staircase to the Lair.
  8648 | Lair:1   | Entered Level 1 of the Lair of Beasts
  8656 | Lair:1   | Reached XP level 11. HP: 72/72 MP: 13/22
  8773 | Lair:1   | Reached skill level 5 in Conjurations
  8773 | Lair:1   | Reached skill level 5 in Hexes
  8773 | Lair:1   | Reached skill level 5 in Necromancy
  8773 | Lair:1   | Reached skill level 5 in Translocations
  8773 | Lair:1   | Reached skill level 5 in Transmutations
  8773 | Lair:1   | Reached skill level 5 in Fire Magic
  8773 | Lair:1   | Reached skill level 5 in Ice Magic
  8773 | Lair:1   | Reached skill level 5 in Air Magic
  8773 | Lair:1   | Reached skill level 5 in Earth Magic
  8773 | Lair:1   | Reached skill level 5 in Poison Magic
  9232 | Lair:1   | Noticed Fannar
  9248 | Lair:1   | Killed Fannar
  9249 | Lair:1   | Reached skill level 7 in Invocations
  9522 | Lair:2   | Noticed a six-headed hydra
  9529 | Lair:2   | Killed a six-headed hydra
  9628 | Lair:2   | Found a hole to the Spider Nest.
  9828 | Lair:2   | Found a radiant altar of Vehumet.
 10086 | Lair:2   | Noticed Gastronok
 10102 | Lair:2   | Killed Gastronok
 10106 | Lair:2   | Reached XP level 12. HP: 80/80 MP: 15/24
 10212 | Lair:2   | Reached ***** piety under Hepliaklqana
 10751 | Lair:3   | Found a staircase to the Shoals.
 11128 | Lair:3   | Noticed an eight-headed hydra
 11135 | Lair:3   | Killed an eight-headed hydra
 11136 | Lair:3   | Reached skill level 8 in Invocations
 11156 | Lair:3   | Identified the +0 leather armour "Pel Xyra" {rC+ rCorr
                  | Dex+6}
 11284 | Lair:3   | Noticed Urug
 11319 | Lair:3   | Noticed Amaemon
 12163 | Lair:4   | Noticed Nessos
 12172 | Lair:4   | Killed Nessos
 12993 | Lair:4   | Reached XP level 13. HP: 88/88 MP: 21/26
 13250 | Lair:5   | Entered Level 5 of the Lair of Beasts
 13467 | Lair:5   | Reached skill level 9 in Invocations
 13475 | Lair:5   | Reached skill level 10 in Summonings
 13482 | Lair:5   | Found a staircase to the Slime Pits.
 13488 | Lair:5   | Found a viscous altar of Jiyva.
 14035 | Lair:5   | Reached skill level 10 in Spellcasting
 15092 | Lair:5   | Reached skill level 10 in Dodging
 15222 | Lair:5   | Reached XP level 14. HP: 95/95 MP: 12/28
 15622 | Lair:5   | Reached skill level 10 in Stealth
 15910 | Lair:5   | Reached skill level 10 in Invocations
 16189 | Lair:3   | Killed Amaemon
 17247 | Lair:3   | Killed Urug
 17806 | Lair:5   | Identified the amulet "Enamisil" {Regen+ Stlth+}
 17823 | Lair:5   | Identified the +0 scale mail "Tuclaloast" {rPois rC+ rN++
                  | Will-}
 17962 | Spider:1 | Entered Level 1 of the Spider Nest
 18111 | D:9      | Found a glowing silver altar of Zin.
 18970 | D:9      | Upgraded the game from 0.31-a0-728-g01b46875f1 to
                  | 0.31-a0-740-g87205ac768
 18990 | D:10     | Entered Level 10 of the Dungeon
 19142 | D:10     | Found a white marble altar of Elyvilon.
 19912 | D:10     | Found a staircase to the Orcish Mines.
 20523 | D:11     | Found the +7 great mace "Undeadhunter" {deathbane, rN+}
 20893 | D:11     | Reached XP level 15. HP: 103/103 MP: 19/30
 21239 | D:12     | Reached skill level 10 in Fighting
 21239 | D:12     | Reached skill level 10 in Short Blades
 21239 | D:12     | Reached skill level 10 in Long Blades
 21239 | D:12     | Reached skill level 10 in Axes
 21239 | D:12     | Reached skill level 10 in Maces & Flails
 21239 | D:12     | Reached skill level 10 in Polearms
 21239 | D:12     | Reached skill level 10 in Staves
 21239 | D:12     | Reached skill level 10 in Ranged Weapons
 21239 | D:12     | Reached skill level 10 in Throwing
 21239 | D:12     | Reached skill level 10 in Armour
 21239 | D:12     | Reached skill level 10 in Shields
 21239 | D:12     | Reached skill level 10 in Unarmed Combat
 21239 | D:12     | Reached skill level 10 in Evocations
 21374 | D:12     | Noticed Rupert
 21396 | D:12     | Killed Rupert
 21397 | D:12     | Reached skill level 11 in Invocations
 21414 | D:12     | Noticed Snorg
 21467 | D:12     | Killed Snorg
 21480 | D:12     | Found a frozen archway.
 21500 | IceCv    | Entered an ice cave
 21951 | IceCv    | Gained mutation: You possess an exceptional clarity of
                  | mind. [potion of mutation]
 21951 | IceCv    | Gained mutation: You are partially covered in iridescent
                  | scales. (AC +2) [potion of mutation]
 22531 | IceCv    | Got the Compendium of Algor
 22568 | IceCv    | Learned a level 4 spell: Summon Ice Beast
 23571 | D:12     | Noticed a storm dragon
 23744 | Orc:1    | Entered Level 1 of the Orcish Mines
 24339 | Orc:2    | Entered Level 2 of the Orcish Mines
 24489 | Orc:2    | Noticed an orc warlord
 24508 | Orc:2    | Killed an orc warlord
 24524 | Orc:2    | Found Zobinud's Antique Weapon Boutique.
 24690 | Orc:2    | Paralysed by an orc sorcerer for 2 turns
 24993 | Orc:2    | Found Jita's Weapon Shop.
 25246 | Orc:2    | Reached ****** piety under Hepliaklqana
 25514 | Orc:2    | Noticed Erolcha
 25698 | Orc:2    | Killed Erolcha
 25914 | Orc:2    | Found a staircase to the Elven Halls.
 26153 | Orc:2    | Reached XP level 16. HP: 104/111 MP: 17/31
 26503 | Orc:2    | Found Uwnotor's Book Shop.
 26518 | Orc:2    | Bought a Fen Folio for 546 gold pieces
 26518 | Orc:2    | Bought Mara's Handbook of the Gathering for 312 gold pieces
 26524 | Orc:2    | Learned a level 5 spell: Summon Forest
 26532 | Orc:2    | Learned a level 7 spell: Summon Hydra
 26750 | Orc:2    | Reached skill level 10 in Shapeshifting
 26940 | Orc:2    | Found Zyutek's Assorted Antiques.
 26958 | Orc:2    | Bought a scroll of enchant armour for 157 gold pieces
 26958 | Orc:2    | Bought a potion of heal wounds for 105 gold pieces
 27303 | Shoals:1 | Entered Level 1 of the Shoals
 27676 | Shoals:1 | Reached skill level 12 in Invocations
 27903 | Shoals:1 | Found the +2 cloak of the Thief {*Fog Slay-2 SInv Stlth+}
 29859 | Shoals:2 | Noticed Aizul
 29973 | Shoals:2 | Killed Aizul
 30070 | Shoals:2 | Found a runed translucent door.
 30071 | Shoals:2 | Found a shimmering altar of Xom.
 30071 | Shoals:2 | Noticed zarzak's ghost (adept GrFi)
 30072 | Shoals:2 | Identified the +7 scimitar of Xom's Envy {chaos, rElec
                  | Will+}
 30080 | Shoals:2 | Reached XP level 17. HP: 117/117 MP: 31/33
 30170 | Shoals:2 | Killed zarzak's ghost
 30885 | Shoals:2 | Noticed Ilsuiw
 31283 | Shoals:2 | Reached skill level 10 in Transmutations
 31453 | Shoals:2 | Killed Ilsuiw
 32315 | Shoals:3 | Reached skill level 10 in Conjurations
 32315 | Shoals:3 | Reached skill level 10 in Hexes
 32315 | Shoals:3 | Reached skill level 10 in Necromancy
 32315 | Shoals:3 | Reached skill level 10 in Translocations
 32315 | Shoals:3 | Reached skill level 10 in Fire Magic
 32315 | Shoals:3 | Reached skill level 10 in Ice Magic
 32315 | Shoals:3 | Reached skill level 10 in Air Magic
 32315 | Shoals:3 | Reached skill level 10 in Earth Magic
 32315 | Shoals:3 | Reached skill level 10 in Poison Magic
 32835 | Shoals:4 | Entered Level 4 of the Shoals
 32902 | Shoals:4 | Identified the ring of the Conjuring Genius {rPois rF-
                  | Will+ Str+6}
 33044 | Shoals:4 | Noticed a sphinx
 33045 | Shoals:4 | Reached skill level 13 in Invocations
 33046 | Shoals:4 | Slain by a merfolk impaler

Illustrated notes

Levels and vault maps discovered:
D:1:      dpeg_arrival_lava_altar, layout_loops_ring,
          dreamdust_ecumenical_altar_grove
D:2:      layout_loops_cross, serial_shops, shop, nicolae_shop_hallway_plus,
          shop, shop_fountains, uniq_crazy_yiuf_cottage
D:3:      layout_basic, fedhas_altar_1
D:4:      layout_basic, minmay_temple_entry_mini_moons, serial_glass,
          glass_columns_c, glass_columns_b, feat_on_display,
          kennysheep_generic_room_10, uniq_eustachio, uniq_pikel
D:5:      layout_rooms, mainiacjoe_overflow_catch_the_wave,
          portal_sewer_entry_d, minmay_shop_mass, minivault_27,
          nicolae_shop_firing_range, uniq_prince_ribbit1, uniq_sigmund,
          uniq_duvessa
D:6:      layout_loops_cross, mainiacjoe_overflow_concentric_impassable,
          minmay_tree_intersection, uniq_blork_the_orc, uniq_grinder
D:7:      layout_gridville, grunt_temple_overflow_magic_moments
D:8:      layout_loops_cross, mainiacjoe_overflow_catwalk_spiral,
          lair_entry_dummy, uniq_maurice, uniq_joseph, uniq_jeremiah
D:9:      layout_big_octagon, zin_scriptorium, serial_park_tiny_2
D:10:     minmay_curly_fans, layout_loops_corners, elyvilon_altar_3,
          hiddenorc1_lemuel, st_stairs_14
D:11:     layout_gridville, lightli_fourway_metalbox
D:12:     kennysheep_funnel, layout_loops_ring, serial_ice, serial_ice_e,
          serial_ice_l, serial_ice_b, serial_ice_h, portal_ice_cave_entry_imps,
          david_defended_altar_orc, uniq_snorg, uniq_rupert
Lair:1:   layout_hall_layers, grunt_megastairs_2, uniq_fannar
Lair:2:   layout_roguey, dummy_spider_entry, basic_altar,
          nicolae_lair_grove_arrangements, uniq_gastronok
Lair:3:   layout_cave_pods, minmay_shoals_entry_lonely_mermaid, uniq_urug,
          uniq_amaemon
Lair:4:   layout_big_grid, beast_lair_carwin_9, serial_bayou_shore_b,
          uniq_nessos
Lair:5:   evilmike_catoblepas_cave, layout_cave_pods, slime_entry_1,
          nicolae_lair_yak_garden, serial_bayou_shore_b,
          infiniplex_staircase_pool
Shoals:1: layout_shoals, nicolae_shoals_mertower
Shoals:2: layout_shoals, ebering_ghost_xom, uniq_aizul, uniq_ilsuiw
Shoals:3: layout_shoals, kb_tengu_band
Shoals:4: shoals_end_hellmonk_lost_city
Spider:1: layout_spider_delve
Orc:1:    layout_caves, basic_altar
Orc:2:    pubby_orc_utopia, uniq_erolcha

Skill      XL: |  1  2  3  4  5  6  7  8  9 10 11 12 13 14 15 16 17 |
---------------+----------------------------------------------------+-----
Spellcasting   | 5 6 7 8 9 10 11 12 | 12.9
Invocations    | 1 2 3 4 5 6 7 8 9 10 11 12 13 | 13.0
Fighting       | 1 2 3 4 5 6 8 9 10 11 | 11.9
Short Blades   | 1 2 3 4 5 6 8 9 10 11 | 11.9
Long Blades    | 1 2 3 4 5 6 8 9 10 11 | 11.9
Axes           | 1 2 3 4 5 6 8 9 10 11 | 11.9
Maces & Flails | 1 2 3 4 5 6 8 9 10 11 | 11.9
Polearms       | 1 2 3 4 5 6 8 9 10 11 | 11.9
Staves         | 1 2 3 4 5 6 8 9 10 11 | 11.9
Ranged Weapons | 1 2 3 4 5 6 8 9 10 11 | 11.9
Throwing       | 1 2 3 4 5 6 8 9 10 11 | 11.9
Armour         | 1 2 3 4 5 6 8 9 10 11 | 11.9
Shields        | 1 2 3 4 5 6 8 9 10 11 | 11.9
Unarmed Combat | 1 2 3 4 5 6 8 9 10 11 | 11.9
Evocations     | 1 2 3 4 5 6 8 9 10 11 | 11.9
Shapeshifting  | 1 2 3 4 5 6 7 8 9 10 11 | 11.0
Conjurations   | 1 2 3 4 5 6 7 8 9 10 | 10.1
Hexes          | 1 2 3 4 5 6 7 8 9 10 | 10.1
Necromancy     | 1 2 3 4 5 6 7 8 9 10 | 10.1
Translocations | 1 2 3 4 5 6 7 8 9 10 | 10.1
Transmutations | 1 2 3 4 5 6 7 8 9 10 | 10.4
Fire Magic     | 1 2 3 4 5 6 7 8 9 10 | 10.1
Ice Magic      | 1 2 3 4 5 6 7 8 9 10 | 10.1
Air Magic      | 1 2 3 4 5 6 7 8 9 10 | 10.1
Earth Magic    | 1 2 3 4 5 6 7 8 9 10 | 10.1
Poison Magic   | 1 2 3 4 5 6 7 8 9 10 | 10.1
Dodging        | 5 6 7 8 9 10 11 12 | 12.7
Stealth        | 5 6 7 8 9 10 11 12 | 12.6
Summonings     | 8 9 10 11 12 | 12.2

Action                     |  1- 3 |  4- 6 |  7- 9 | 10-12 | 13-15 | 16-18 || total
---------------------------+-------+-------+-------+-------+-------+-------++-------
  Melee: Unarmed           |    75 |    11 |       |       |       |       ||    86
         Bite              |     7 |     6 |    20 |    16 |   113 |    64 ||   226
         Punch             |     3 |       |       |     4 |    14 |       ||    21
         Quarterstaff      |       |    33 |   147 |    92 |       |       ||   272
         Whip              |       |     4 |       |       |       |       ||     4
         Spear             |       |       |       |    28 |   922 |   364 ||  1314
         Trident           |       |       |       |    16 |       |    71 ||    87
         Scimitar          |       |       |       |       |       |   144 ||   144
   Fire: Sling             |       |       |       |       |   123 |    46 ||   169
   Cast: Summon Small Mamm |    35 |     7 |     1 |     4 |    20 |     1 ||    68
         Call Imp          |     3 |    17 |    22 |    31 |   121 |    41 ||   235
         Call Canine Famil |     3 |    16 |    22 |    37 |   126 |    38 ||   242
         Blink             |       |       |     2 |     3 |     3 |     1 ||     9
         Summon Lightning  |       |       |     7 |    34 |   130 |    59 ||   230
         Summon Ice Beast  |       |       |       |       |    19 |    50 ||    69
         Summon Forest     |       |       |       |       |       |     3 ||     3
         Summon Hydra      |       |       |       |       |       |    29 ||    29
 Invoke: Ancestor Life: He |       |     1 |       |       |       |       ||     1
         Recall Ancestor   |       |     1 |       |     1 |     3 |     3 ||     8
         Transference      |       |       |       |     3 |     6 |     4 ||    13
    Use: Scroll            |       |     5 |     7 |    13 |    14 |    11 ||    50
         Potion            |       |       |       |     3 |     3 |     3 ||     9
   Stab: Sleeping          |     1 |     1 |     3 |     2 |     7 |     3 ||    17
         Distracted        |       |     1 |       |     2 |    33 |    23 ||    59
         Confused          |       |       |     2 |     7 |    31 |     7 ||    47
         Paralysed         |       |       |       |       |    41 |    53 ||    94
 Armour: Robe              |    50 |    27 |    74 |    85 |   111 |       ||   347
         Leather armour    |       |       |       |       |   222 |   369 ||   591
  Dodge: Dodged            |    52 |    36 |    98 |   101 |   412 |   375 ||  1074
         Repelled          |       |       |       |     1 |     8 |       ||     9
  Block: Buckler           |       |       |       |       |   164 |   197 ||   361
         Kite shield       |       |       |       |       |       |    70 ||    70

Table legend: (Time is in decaauts)
 A = Elapsed time spent in this place.
 B = Non-inter-level travel time spent in this place.
 C = Inter-level travel time spent in this place.
 D = Time resting spent in this place.
 E = Time spent auto-exploring this place.
 F = Levels seen in this place.
 G = Mean time per level.
                   A        B        C        D        E       F      G
               +--------+--------+--------+--------+--------+-----+--------+
         Total |  32507 |  31381 |   1126 |   3666 |  18855 |  26 | 1250.3 |
       Dungeon |  12592 |  11923 |    669 |    389 |   8709 |  12 | 1049.3 |
          Lair |   9621 |   9255 |    366 |   2027 |   5215 |   5 | 1924.2 |
        Shoals |   5324 |   5272 |     52 |    892 |   2472 |   4 | 1331.0 |
   Spider Nest |      8 |      8 |      0 |      0 |      0 |   1 |    8.0 |
  Orcish Mines |   3255 |   3219 |     36 |    204 |   1881 |   2 | 1627.5 |
         Sewer |    377 |    377 |      0 |      0 |    247 |   1 |  377.0 |
      Ice Cave |   1327 |   1327 |      0 |    154 |    331 |   1 | 1327.0 |
               +--------+--------+--------+--------+--------+-----+--------+

Top non-repeatable levels by time:
  Lair:4: 2952 daAuts
   Orc:2: 2625 daAuts
  Lair:5: 2343 daAuts
Shoals:2: 2287 daAuts
  Lair:3: 2174 daAuts
Shoals:1: 1865 daAuts
     D:2: 1353 daAuts
   IceCv: 1327 daAuts
    D:10: 1284 daAuts
  Lair:2: 1250 daAuts
     D:1: 1228 daAuts
    D:12: 1141 daAuts
     D:8: 1117 daAuts
     D:4: 1079 daAuts
     D:5: 1023 daAuts
